 Dungeon Crawl Stone Soup version 0.22-a0-149-g870e420 (webtiles) character file.

10394 4thArraOfDagon the Destroyer (level 11, -15/81 HPs)
             Began as a Barachi Air Elementalist on Feb 7, 2018.
             Was a High Priest of Vehumet.
             Hit by a large rock thrown by a cyclops (42 damage)
             ... on level 11 of the Dungeon.
             The game lasted 00:48:14 (7256 turns).

4thArraOfDagon the Destroyer (BaAE)                 Turns: 7256, Time: 00:48:15

Health: -15/81     AC: 10    Str:  9    XL:     11   Next: 61%
Magic:  10/24      EV: 16    Int: 18    God:    Vehumet [*****.]
Gold:   28         SH:  0    Dex: 14    Spells: 11/28 levels left

rFire    + . .     SeeInvis .   V - +3 halberd of Skirmishing {holy, rF+ Stlth+}
rCold    . . .     Gourm    .   (shield currently unavailable)
rNeg     + . .     Faith    .   B - +0 robe {rN+}
rPois    .         Spirit   .   (no helmet)
rElec    .         Reflect  .   g - +2 cloak
rCorr    .         Harm     .   j - +1 pair of gloves
MR       .....                  (no boots)
Stlth    +++.......             f - amulet of rage
HPRegen  0.23/turn              v - +2 ring of slaying
MPRegen  0.19/turn              F - +3 ring of protection

@: slow
A: +LOS, swims, slowness 1, strong legs 1
a: Hop, Renounce Religion, Evoke Berserk Rage


You were on level 11 of the Dungeon.
You worshipped Vehumet.
Vehumet was extremely pleased with you.
You were not hungry.

You visited 2 branches of the dungeon, and saw 12 of its levels.

You collected 389 gold pieces.
You spent 361 gold pieces at shops.

Inventory:

Hand Weapons
 i - a +0 dagger
 k - a +2 hand axe of freezing
 l - a +0 short sword
 t - a +0 war axe
 y - a +3 dire flail of freezing
 M - a +4 quarterstaff of chaos
 V - the +3 halberd of Skirmishing (weapon) {holy, rF+ Stlth+}
   (You bought it in a shop on level 8 of the Dungeon)

   It has been blessed by the Shining One to cause great damage to the undead
   and demons.
   It protects you from fire.
   It makes you more stealthy.
Armour
 a - a +0 robe
 g - a +2 cloak (worn)
 j - a +1 pair of gloves (worn)
 q - a +0 ring mail
 B - a +0 robe of positive energy (worn)
Magical Staves
 D - an uncursed staff of energy {!a}
Jewellery
 f - an amulet of rage (around neck)
 m - a cursed amulet of inaccuracy
 v - a +2 ring of slaying (left hand)
 F - a +3 ring of protection (right hand)
 H - an uncursed amulet of harm
 I - an uncursed ring of protection from fire
 R - an uncursed ring of wizardry
Wands
 o - a wand of digging (12)
 p - a wand of polymorph (2)
 J - a wand of flame (30)
 T - a wand of iceblast (11)
Scrolls
 d - 2 scrolls of enchant weapon
 e - 6 scrolls of remove curse
 h - 4 scrolls of enchant armour
 x - 2 scrolls of amnesia
 A - 2 scrolls of blinking
 E - 2 scrolls of teleportation
 N - a scroll of fog
 O - a scroll of fear
 Q - a scroll of noise {unknown}
Potions
 n - 2 potions of flight
 r - 2 potions of resistance
 s - 3 potions of heal wounds
 u - a potion of cancellation
 w - a potion of curing
 z - 2 potions of degeneration {unknown}
 C - a potion of agility
 G - a potion of brilliance
 K - a potion of haste {unknown}
 P - 2 potions of magic
 S - a potion of mutation {unknown}
 U - a potion of might {unknown}
Books
 b - a book of Air

   Spells                             Type                      Level
   a - Shock                          Conjuration/Air              1
   b - Swiftness                      Charms/Air                   2
   c - Static Discharge               Conjuration/Air              3
   d - Airstrike                      Air                          4
   e - Lightning Bolt                 Conjuration/Air              5
Comestibles
 c - 21 rations


   Skills:
 + Level 6.0 Fighting
 + Level 6.3 Dodging
 - Level 1.7 Stealth
 + Level 9.1 Spellcasting
 * Level 13.1 Conjurations
 - Level 3.2 Air Magic
 + Level 6.6 Evocations


You had 11 spell levels left.
You knew the following spells:

 Your Spells              Type           Power        Failure   Level  Hunger
a - Shock                 Conj/Air       ####         1%          1    None
b - Static Discharge      Conj/Air       #####...     1%          3    None
c - Airstrike             Air            ###.......   6%          4    ###....
d - Lightning Bolt        Conj/Air       #####.....   2%          5    #####..
e - Iskenderun's Mystic   Conj           ######..     1%          4    ###....


Dungeon Overview and Level Annotations

Branches:
Dungeon (11/15)            Temple (1/1) D:6            Lair (0/6) D:9
    Orc (0/2) D:10

Altars:
Cheibriados
Elyvilon
Fedhas
Kikubaaqudgha
Makhleb
Okawaru
Qazlal
Sif Muna
Trog
Vehumet
Xom
Yredelemnul
Zin
The Shining One
Beogh

Shops:
D:4 =   D:6 !   D:8 (=(

Annotations:
D:6 varam's ghost, novice TrWz


Innate Abilities, Weirdness & Mutations

Shadows flee at your approach. (+LOS)
You can swim through water.
You cover ground slowly.
You can hop short distances.


Message History

Unknown command.
A worker ant comes into view.
The cyclops shouts!
The worker ant twitches its antennae in your direction.
The cyclops throws a large rock.
The large rock hits you!!
* * * LOW HITPOINT WARNING * * *
You see here a large rock.
Unknown command.
Unknown command.
You feel much better.
The cyclops throws a large rock.
The large rock barely misses you.
Unknown command.
The cyclops throws a large rock.
The large rock hits you!!
There is a stone staircase leading up, spattered with blood here.
You see here a large rock.
Unknown command.
Unknown command.
The cyclops throws a large rock.
The large rock hits you!!!
Ouch! That really hurt!
You die...

♣P.♣♣ ♣♣≈≈♣ ♣≈≈♣♣ ♣♣≈♣♣
♣♣♣♣♣♣.≈♣♣♣♣♣#
#♣≈P♣♣≈≈≈)≈..P##
..≈.≈≈≈≈≈≈..:..#
(♣P♣P≈≈.≈♣≈≈♣≈.########
#♣♣♣♣♣♣.♣♣♣♣♣♣.(@.....#
(..♣ ♣.P♣♣♣..........#
.....♣P≈P♣♣....^......#
....♣♣♣≈≈♣..Ca........#
.....♣♣.♣♣.....)......#
......#.#.............#
......#...............#
......###.............#
...O..# #.....!.......#


You could see a cyclops and a worker ant.

Vanquished Creatures
  3 two-headed ogres
  An ugly thing (D:11)
  Joseph (D:9)
  A centaur skeleton (D:10)
  A troll (D:9)
  A hippogriff (D:7)
  A vampire (D:9)
  5 yaks (D:9)
  A steam dragon (D:10)
  Menkaure (D:4)
  An ice beast (D:9)
  A sky beast (D:5)
  A swamp drake (D:3)
  3 orc warriors
  4 necrophages (D:9)
  A black bear (D:3)
  2 phantoms (D:5)
  3 wolves (D:9)
  6 ogres
  6 centaurs
  A big kobold (D:11)
  7 bullfrogs
  4 scorpions
  2 killer bees
  10 wights (D:9)
  A howler monkey (D:7)
  2 bullfrog zombies (D:9)
  A centaur zombie (D:9)
  7 crimson imps
  A quasit (D:6)
  10 hounds
  5 jellies
  8 orc priests
  A gnoll shaman (D:9)
  14 orc wizards
  An iron imp (D:7)
  Jessica (D:3)
  Terence (D:3)
  5 iguanas
  4 worker ants
  A killer bee zombie (D:9)
  A mummy (D:9)
  A hound skeleton (D:6)
  A hound zombie (D:5)
  A howler monkey zombie (D:10)
  2 worker ant zombies (D:9)
  8 gnolls
  3 howler monkey skeletons
  10 adders
  A shadow imp (D:8)
  2 oozes
  5 worms
  2 adder skeletons (D:9)
  A dart slug (D:1)
  5 leopard geckos
  49 orcs
  4 bats
  7 giant cockroaches
  6 goblins
  10 hobgoblins
  19 jackals
  15 kobolds
  3 quokkas
  4 frilled lizards
  A leopard gecko skeleton (D:4)
  5 rats
  A plant (D:11)
298 creatures vanquished.

Vanquished Creatures (others)
  A hound (D:6)
  A fungus (D:4)
  A plant (D:11)
  8 toadstools (D:2)
  3 withered plants (D:9)
14 creatures vanquished.

Grand Total: 312 creatures vanquished

Notes
Turn   | Place    | Note
-------+----------+-------------------------------------------
     0 | D:1      | 4thArraOfDagon the Barachi Air Elementalist began the quest for the Orb.
     0 | D:1      | Reached XP level 1. HP: 13/13 MP: 3/3
   146 | D:1      | Reached skill level 2 in Conjurations
   146 | D:1      | Reached XP level 2. HP: 18/19 MP: 0/5
   261 | D:2      | Noticed a scorpion
   388 | D:1      | Reached XP level 3. HP: 19/24 MP: 1/7
   458 | D:2      | Learned a level 3 spell: Static Discharge
   517 | D:2      | Reached skill level 3 in Conjurations
   615 | D:2      | Killed a scorpion
   615 | D:2      | Reached skill level 4 in Conjurations
   615 | D:2      | Reached XP level 4. HP: 10/30 MP: 8/8
   642 | D:2      | HP: 1/30 [poisoned by a scorpion]
   664 | D:2      | Learned a level 4 spell: Airstrike
   838 | D:3      | Noticed a black bear
   938 | D:4      | Reached XP level 5. HP: 31/35 MP: 4/10
  1038 | D:5      | Entered Level 5 of the Dungeon
  1038 | D:5      | Noticed a centaur
  1089 | D:4      | Reached skill level 5 in Conjurations
  1172 | D:3      | Reached XP level 6. HP: 39/41 MP: 7/11
  1185 | D:3      | Noticed Jessica
  1191 | D:3      | Killed Jessica
  1401 | D:4      | Reached skill level 6 in Conjurations
  1401 | D:4      | Reached XP level 7. HP: 33/46 MP: 6/13
  1504 | D:4      | Found Uzxekoff's Jewellery Shoppe.
  1529 | D:4      | Noticed Menkaure
  1543 | D:4      | Killed Menkaure
  1543 | D:4      | Reached skill level 5 in Spellcasting
  1543 | D:4      | Reached skill level 7 in Conjurations
  1573 | D:4      | Found a runed door.
  1940 | D:5      | Learned a level 5 spell: Lightning Bolt
  1964 | D:5      | Reached XP level 8. HP: 52/52 MP: 16/16
  2056 | D:5      | Reached skill level 8 in Conjurations
  2167 | D:6      | Noticed varam's ghost (novice TrWz)
  2243 | D:6      | Found a staircase to the Ecumenical Temple.
  2274 | D:6      | Reached skill level 9 in Conjurations
  2522 | Temple   | Entered the Ecumenical Temple
  2531 | Temple   | Became a worshipper of Vehumet
  2667 | D:6      | Found Guifal's Distillery.
  2812 | D:5      | Reached skill level 1 in Evocations
  2820 | D:5      | Reached XP level 9. HP: 52/57 MP: 6/19
  3163 | D:3      | Noticed Terence
  3169 | D:3      | Killed Terence
  3169 | D:3      | Reached skill level 10 in Conjurations
  3201 | D:3      | Reached * piety under Vehumet
  3201 | D:3      | Offered knowledge of Magic Dart by Vehumet.
  3288 | D:3      | Noticed Ijyb
  3291 | D:3      | Noticed Ijyb
  3291 | D:3      | Ijyb changed into Ijyb the swamp drake
  3310 | D:3      | Killed Ijyb the swamp drake
  3797 | D:4      | Noticed Crazy Yiuf
  3798 | D:4      | Noticed Crazy Yiuf
  3798 | D:4      | Crazy Yiuf changed into Crazy Yiuf the iguana
  3806 | D:4      | Killed Crazy Yiuf the iguana
  3954 | D:6      | Offered knowledge of Sting by Vehumet.
  3990 | D:6      | Bought 2 potions of magic for 208 gold pieces
  4065 | D:6      | Reached ** piety under Vehumet
  4366 | D:7      | Reached skill level 1 in Fighting
  4425 | D:7      | Reached skill level 11 in Conjurations
  4594 | D:7      | Offered knowledge of Inner Flame by Vehumet.
  4719 | D:8      | Found Yli Mul's Antique Weapon Shoppe.
  4729 | D:8      | Reached XP level 10. HP: 54/67 MP: 12/21
  4863 | D:8      | Found an iron altar of Okawaru.
  4887 | D:8      | Found Sekadeg's Jewellery Boutique.
  5067 | D:8      | Found Wuedacyry's Weapon Emporium.
  5214 | D:9      | Reached *** piety under Vehumet
  5526 | D:9      | Offered knowledge of Olgreb's Toxic Radiance by Vehumet.
  5714 | D:9      | Reached skill level 5 in Evocations
  5850 | D:9      | Reached **** piety under Vehumet
  5850 | D:9      | Reached skill level 12 in Conjurations
  5896 | D:9      | Noticed Joseph
  5951 | D:9      | Offered knowledge of Iskenderun's Mystic Blast by Vehumet.
  5960 | D:9      | Learned a level 4 spell: Iskenderun's Mystic Blast
  5997 | D:9      | Found a staircase to the Lair.
  6086 | D:9      | Reached skill level 5 in Dodging
  6098 | D:9      | Reached XP level 11. HP: 77/78 MP: 14/23
  6104 | D:9      | Wehk: I'm trying to learn how to approach the early game as a caster
  6109 | D:9      | Wehk: Could I see your skill distribution for one sec?
  6135 | D:9      | Wehk: Ty
  6135 | D:9      | Wehk: Screenshotte
  6135 | D:9      | Wehk: d*
  6135 | D:9      | 4thArraOfDagon: :)
  6135 | D:9      | 4thArraOfDagon: well try to push some early spells asap
  6135 | D:9      | 4thArraOfDagon: like airstrike
  6135 | D:9      | 4thArraOfDagon: so train just air ( even without spellcasting)
  6135 | D:9      | 4thArraOfDagon: untill you reach like 10 or 5% in airstrike
  6135 | D:9      | 4thArraOfDagon: then train evrything else
  6135 | D:9      | Wehk: Currently early in an EE run, just unsure how to balance melee/spells/defences
  6135 | D:9      | 4thArraOfDagon: oh, for ee, just train earth to around 10 at first
  6135 | D:9      | 4thArraOfDagon: and then distribute evenly into fighting/dodging/spellcasting
  6135 | D:9      | Wehk: All the spells in the starter book seemed good. Also supplied with meph cloud, seems to work fine for most things.
  6135 | D:9      | Wehk: I see.
  6135 | D:9      | Wehk: No weapon skill at all?
  6135 | D:9      | 4thArraOfDagon: no, i usually start training weapon until I really find good one
  6135 | D:9      | 4thArraOfDagon: like worth training at ll
  6144 | D:9      | Killed Joseph
  6144 | D:9      | Reached skill level 5 in Fighting
  6168 | D:9      | Wehk: I see. I think I got a +2 morningstar of flaming.
  6173 | D:9      | Noticed a two-headed ogre
  6188 | D:9      | Wehk: How about some armour skill if I find a good ring mail?
  6193 | D:9      | Killed a two-headed ogre
  6223 | D:9      | 4thArraOfDagon: yes, thats worth
  6239 | D:9      | 4thArraOfDagon: but im usually more happy with robes of archmagi ;)
  6266 | D:10     | Entered Level 10 of the Dungeon
  6281 | D:10     | Wehk: Cool. I'll carry on then. Thanks ^^
  6489 | D:10     | Found a staircase to the Orcish Mines.
  6498 | D:10     | Found a roughly hewn altar of Beogh.
  6853 | D:10     | Reached ***** piety under Vehumet
  6943 | D:8      | Bought a shimmering halberd for 153 gold pieces
  6943 | D:8      | Identified the +3 halberd of Skirmishing {holy, rF+ Stlth+} (You bought it in a shop on level 8 of the Dungeon)
  7029 | D:11     | Noticed a two-headed ogre
  7038 | D:10     | Killed a two-headed ogre
  7150 | D:11     | Noticed a cyclops
  7164 | D:11     | Noticed a green ugly thing
  7169 | D:11     | Noticed a two-headed ogre
  7200 | D:11     | Killed a two-headed ogre
  7200 | D:11     | Reached skill level 13 in Conjurations
  7226 | D:11     | Offered knowledge of Poison Arrow by Vehumet.
  7228 | D:11     | Killed a green ugly thing
  7238 | D:11     | Noticed a two-headed ogre
  7256 | D:11     | Hit by a large rock thrown by a cyclops

Vault maps used:
D:1:      lemuel_arrival_room
D:2:      cheibrodos_fertilizer, first_ration
D:3:      uniq_terence, uniq_ijyb, uniq_jessica
D:4:      serial_shops, shop, uniq_menkaure, uniq_crazy_yiuf_cottage
D:6:      minmay_temple_entry_mist, serial_shops, shop
D:8:      old_standard_altar, serial_shops, nicolae_shop_waterfront, shop,
          kennysheep_mini_moat
D:9:      erik_lair_island, serial_undead, serial_undead_e, serial_undead_c,
          serial_undead_e, serial_undead_f, serial_undead_a, uniq_joseph
D:10:     minmay_orc_entry_temple_small
D:11:     serial_bayou, serial_bayou_pond_d, serial_bayou_shore_a,
          serial_bayou_crossing, serial_bayou_pond_d, serial_bayou_pond_e,
          serial_bayou_shore_b
Temple:   compressed_dpeg_triangle_lava_temple

Skill      XL: |  1  2  3  4  5  6  7  8  9 10 11 |
---------------+----------------------------------+-----
Conjurations   | 2 4 5 6 7 9 11 12 13 | 13.1
Spellcasting   | 3 4 5 6 7 8 9 |  9.1
Evocations     | 1 4 5 6 |  6.6
Fighting       | 2 4 6 |  6.0
Dodging        | 3 5 6 |  6.3
Stealth        | |  1.7
Air Magic      | |  3.2

Action                   |  1- 3 |  4- 6 |  7- 9 | 10-12 || total
-------------------------+-------+-------+-------+-------++-------
Melee: Unarmed           |     6 |       |       |       ||     6
       Short sword       |    29 |       |       |       ||    29
       Hand axe          |       |    31 |   187 |       ||   218
       Quarterstaff      |       |       |    70 |    39 ||   109
       Dire flail        |       |       |       |    89 ||    89
       Halberd           |       |       |       |     7 ||     7
 Cast: Shock             |    22 |    43 |   221 |   303 ||   589
       Lightning Bolt    |       |       |       |     9 ||     9
       Iskenderun's Myst |       |       |       |     6 ||     6
 Abil: Evoke Berserk Rag |     3 |     1 |     1 |     5 ||    10
       Hop               |     1 |     1 |     3 |     4 ||     9
Evoke: Wand              |       |       |     3 |    13 ||    16
  Use: Scroll            |     2 |     8 |    12 |     1 ||    23
       Potion            |       |     1 |     2 |     6 ||     9
 Stab: Distracted        |       |     1 |       |       ||     1
       Sleeping          |       |       |     2 |       ||     2
  Eat: Chunk             |     1 |     5 |    14 |    16 ||    36
Armor: Robe              |    21 |     4 |    27 |    71 ||   123
       Ring mail         |       |    27 |   157 |       ||   184
       Skin              |       |       |       |    22 ||    22
Dodge: Dodged            |    30 |    38 |   191 |   196 ||   455

Table legend:
 A = Spawn XP
 B = Non-spawn XP
 C = Spawn XP percentage of total XP
 D = Spawn monster count
 E = Non-spawn monster count
 F = Spawn count percentage of total count
 G = Total turns spent on level
                    A         B        C        D         E        F      G
               +---------+---------+-------+---------+---------+-------+---------
         Total |       0 |   14849 |   0.0 |       0 |     298 |   0.0 |  7256
               +---------+---------+-------+---------+---------+-------+---------
           D:1 |       0 |      49 |   0.0 |       0 |      24 |   0.0 |   539
           D:2 |       0 |     123 |   0.0 |       0 |      19 |   0.0 |   611
           D:3 |       0 |     493 |   0.0 |       0 |      31 |   0.0 |   504
           D:4 |       0 |     923 |   0.0 |       0 |      30 |   0.0 |  1062
           D:5 |       0 |    1079 |   0.0 |       0 |      26 |   0.0 |   814
           D:6 |       0 |     645 |   0.0 |       0 |      23 |   0.0 |   578
           D:7 |       0 |    1284 |   0.0 |       0 |      24 |   0.0 |   567
           D:8 |       0 |     441 |   0.0 |       0 |      12 |   0.0 |   670
           D:9 |       0 |    5893 |   0.0 |       0 |      73 |   0.0 |  1012
          D:10 |       0 |    2230 |   0.0 |       0 |      30 |   0.0 |   763
          D:11 |       0 |    1689 |   0.0 |       0 |       6 |   0.0 |   116
               +---------+---------+-------+---------+---------+-------+---------
